 Dungeon Crawl Stone Soup version 0.29.1-4-g47bece8355 (webtiles) character file.

Game seed: 14416885779813933598

79 sanboga the Ruffian (level 4, -2/44 (45) HPs)
             Began as a Troll Monk on Dec 5, 2022.
             Slain by Crazy Yiuf
             ... wielding a +3 quarterstaff of chaos
              (9 damage)
             ... on level 3 of the Dungeon.
             The game lasted 00:01:40 (1822 turns).

sanboga the Ruffian (Troll Monk)                    Turns: 1822, Time: 00:01:40

HP:   -2/44 (45)    AC:  7    Str: 21    XL:     4   Next: 17%
MP:   3/3           EV: 10    Int:  6    God:
Gold: 88            SH:  0    Dex: 12    Spells: 3/3 levels left

rFire   . . .      SeeInvis .     - Unarmed
rCold   . . .      Faith    .   (no shield)
rNeg    . . .      Spirit   .   a - +0 robe
rPois   .          Reflect  .   (helmet restricted)
rElec   .          Harm     .   i - +2 cloak
rCorr   .          Rampage  .   (gloves unavailable)
Will    .....                   (boots unavailable)
Stlth   ++........              (no amulet)
HPRegen 0.94/turn               (no ring)
MPRegen 0.08/turn               (no ring)

@: lightly drained
A: large, unfitting armour, claws 3, regeneration 1, shaggy fur 1, tough skin 1
a: no special abilities


You were on level 3 of the Dungeon.
You visited 1 branch of the dungeon, and saw 3 of its levels.

You collected 88 gold pieces.

Inventory:

Armour
 a - a +0 robe (worn)
 i - a +2 cloak (worn)
Scrolls
 c - a scroll of vulnerability {unknown}
 d - a scroll of immolation {unknown}
 g - 2 scrolls of fear {unknown}
 m - a scroll of identify {unknown}
Potions
 b - a potion of ambrosia
 e - a potion of attraction {unknown}
 f - a potion of mutation {unknown}
 h - a potion of flight {unknown}
 j - a potion of might {unknown}
 k - 2 potions of curing {unknown}
 l - a potion of experience {unknown}
 n - a potion of magic {unknown}


   Skills:
 + Level 3.1 Fighting
 - Level 2.4 Dodging
 - Level 1.0 Stealth
 * Level 4.5 Unarmed Combat


You had 3 spell levels left.
You didn't know any spells.
Your spell library was empty.

Dungeon Overview and Level Annotations

Branches:
Dungeon (3/15)

Altars:

Annotations:
D:3 Crazy Yiuf


Innate Abilities, Weirdness & Mutations

You are too large for most types of armour.
You have claws for hands.
Your natural rate of healing is unusually fast.
You are covered in fur. (AC +1)
You have tough skin. (AC +1)


Message History

No target in view!
No target in view!
No target in view!
No target in view!
Found a hammer.
Found a runed translucent door.
Crazy Yiuf shouts!
Crazy Yiuf yells, "Two!
Adder turtle hand."
You open the door.
Crazy Yiuf says, "Prologue senile arga!"
Crazy Yiuf completely misses you.
There is an open translucent door here.
You claw Crazy Yiuf!
Crazy Yiuf is severely wounded.
Crazy Yiuf barely misses you.
You barely miss Crazy Yiuf.
Crazy Yiuf is severely wounded.
Crazy Yiuf hits you with a +3 quarterstaff of chaos.
Crazy Yiuf draws strength from your wounds!
You closely miss Crazy Yiuf. Your claw misses Crazy Yiuf.
Crazy Yiuf is moderately wounded.
Crazy Yiuf hits you with a +3 quarterstaff of chaos.
You are electrocuted!
You closely miss Crazy Yiuf.
Crazy Yiuf is moderately wounded.
Crazy Yiuf hits you with a +3 quarterstaff of chaos.
Crazy Yiuf freezes you.
You barely miss Crazy Yiuf.
Crazy Yiuf is moderately wounded.
Crazy Yiuf hits you with a +3 quarterstaff of chaos.
Crazy Yiuf freezes you.
You scratch Crazy Yiuf.
Crazy Yiuf is heavily wounded.
Crazy Yiuf hits you with a +3 quarterstaff of chaos!
* * * LOW HITPOINT WARNING * * *
You feel drained.
* * * LOW HITPOINT WARNING * * *
You scratch Crazy Yiuf.
Crazy Yiuf is severely wounded.
Crazy Yiuf hits you with a +3 quarterstaff of chaos!
You die...

.##.###.|..#
.###.....#.#
.##.######.# #
.#.## ### .# #
#.## .##.## #.#
#....!. ..######
#### ♣♣##.....#
.......####
#)..#♣♣ ♣♣.#...#
######.##.#
#..g@.♣♣♣♣......#
.....#.##.#
#...#♣..♣......##
####[#.#..# ####
♣♣♣.♣.P#.##
#.#.#.## ♣♣♣♣♣###
####.#...#
...#.#.#######
##.#.#...#...#
#....##.#.###
#.........#


You could see Crazy Yiuf.

Vanquished Creatures
  3 adders (D:2)
  2 worms (D:3)
  A dart slug (D:1)
  4 endoplasms (D:1)
  2 giant cockroaches
  8 hobgoblins
  3 jackals (D:1)
  4 kobolds
  A quokka (D:2)
  5 ball pythons
  2 bats (D:1)
  2 frilled lizards (D:1)
  2 goblins
  3 rats
42 creatures vanquished.

Vanquished Creatures (others)
  A fungus (D:3)
  4 toadstools (D:3)
5 creatures vanquished.

Grand Total: 47 creatures vanquished

Notes
Turn   | Place    | Note
-------+----------+-------------------------------------------
     0 | D:1      | sanboga the Troll Monk began the quest for the Orb.
     0 | D:1      | Reached XP level 1. HP: 22/22 MP: 0/0
    61 | D:1      | Reached XP level 2. HP: 28/29 MP: 1/1
   297 | D:1      | Noticed a golden eye
   299 | D:1      | Found a faded altar of an unknown god.
   300 | D:1      | Noticed a floating eye
   300 | D:1      | Noticed a shining eye
   300 | D:1      | Noticed a shining eye
   367 | D:1      | Reached XP level 3. HP: 36/36 MP: 2/2
   859 | D:2      | Reached skill level 4 in Unarmed Combat
  1600 | D:3      | Reached XP level 4. HP: 45/45 MP: 3/3
  1810 | D:3      | Found a runed translucent door.
  1811 | D:3      | Noticed Crazy Yiuf
  1822 | D:3      | Slain by Crazy Yiuf

Illustrated notes

Levels and vault maps discovered:
D:1:      dpeg_arrival_simpleton_c, layout_loops_ring,
          hellmonk_ecumenical_altar_watching_god, minmay_pentomino_x2
D:2:      layout_basic
D:3:      cheibrodos_fertilizer, layout_loops_ring, uniq_crazy_yiuf_cottage

Skill      XL: |  1  2  3 |
---------------+----------+-----
Unarmed Combat | 4 |  4.5
Fighting       | 3 |  3.1
Dodging        | |  2.4
Stealth        | |  1.0

Action                   |  1- 3 |  4- 6 || total
-------------------------+-------+-------++-------
Melee: Unarmed           |    95 |    22 ||   117
       Punch             |       |     1 ||     1
 Stab: Sleeping          |     3 |     1 ||     4
Armor: Robe              |    28 |     2 ||    30
Dodge: Dodged            |    49 |     5 ||    54
